 Dungeon Crawl Stone Soup version 0.31-a0-851-g7ff8af7976 (webtiles) character file.

Game seed: 2647771097890993947

1652 Frostiness the Poker (level 8, -6/103 (118) HPs)
             Began as a Troll Berserker on Oct 5, 2023.
             Was a Believer of Trog.
             Killed by divine providence
             ... invoked by an orc priest
              (16 damage)
             ... on level 7 of the Dungeon.
             The game lasted 00:16:35 (4794 turns).

Frostiness the Poker (Troll Berserker)              Turns: 4794, Time: 00:16:36

HP:   -6/103 (118)  AC:  4    Str: 28    XL:     8   Next: 68%
MP:   7/7           EV: 10    Int:  3    God:    Trog [**....]
Gold: 440           SH:  0    Dex:  9    Spells: 7/7 levels left

rFire   . . .        w - +0 halberd (flame)
rCold   . . .        (shield currently unavailable)
rNeg    . . .        c - +0 robe
rPois   .            (helmet restricted)
rElec   .            (no cloak)
rCorr   .            (gloves unavailable)
SInv    +            (boots unavailable)
Will    ++...        (no amulet) Stlth
                     j - ring of see invisible
HPRegen 2.17/turn    k - ring of flight
MPRegen 0.10/turn

%: no passive effects
@: berserking (expiring), strong-willed, flying, regenerating, heavily drained,
very quick
A: large, unfitting armour, claws 3, regeneration 1, shaggy fur 1, tough skin 1
a: Renounce Religion, Berserk, Trog's Hand


You were on level 7 of the Dungeon.
You worshipped Trog.
Trog was pleased with you.
You visited 1 branch of the dungeon, and saw 7 of its levels.

You collected 440 gold pieces.

Inventory:

Hand Weapons
 a - a +0 spear
 w - a +0 halberd of flaming (weapon)
Armour
 c - a +0 robe (worn)
Jewellery
 j - a ring of see invisible (left claw)
 k - a ring of flight (right claw)
 x - a +5 ring of evasion
 y - a ring of resist corrosion
Scrolls
 d - a scroll of fog {unknown}
 f - 8 scrolls of identify {unknown}
 g - a scroll of blinking {unknown}
 h - a scroll of immolation {unknown}
 i - 2 scrolls of teleportation {unknown}
 m - 4 scrolls of noise {unknown}
 o - a scroll of butterflies {unknown}
 p - 3 scrolls of amnesia {unknown}
 r - 2 scrolls of enchant armour {unknown}
 z - a scroll of vulnerability {unknown}
Potions
 b - a potion of magic {unknown}
 e - a potion of haste {unknown}
 l - a potion of berserk rage
 n - a potion of enlightenment {unknown}
 q - a potion of ambrosia {unknown}
 s - a potion of degeneration {unknown}
 t - 2 potions of brilliance
 u - a potion of invisibility {unknown}
 v - a potion of might {unknown}


   Skills:
 * Level 4.9 Fighting
 * Level 6.6 Polearms
 * Level 5.0 Dodging
 * Level 2.1 Stealth


You had 7 spell levels left.
You didn't know any spells.
Your spell library was empty.

Dungeon Overview and Level Annotations

Branches:
Dungeon (7/15)
 Temple: D:4-7

Altars:
Cheibriados
Fedhas
Gozag
Makhleb
Trog
Uskayaw
Wu Jian
Xom
Yredelemnul
Zin

Shops:
D:1 *   D:4 **:   D:6 ?[


Innate Abilities, Weirdness & Mutations

You are too large for most types of armour.
You have claws for hands.
Your natural rate of healing is unusually fast.
You are covered in fur. (AC +1)
You have tough skin. (AC +1)


Message History

You feel yourself moving faster!
You feel mighty!
The bullfrog gives a loud, deep croak!
The orc shouts!
The wight barely misses you.
You barely miss the wight. The wight hits you with a +4 flail!
You closely miss the wight. The orc closely misses you.
The wight hits you with a +4 flail!
You feel drained.
You barely miss the wight. The orc hits you with a +0 short sword.
The wight hits you with a +4 flail!
You feel drained.
You closely miss the wight. You closely miss the wight.
The orc hits you with a +0 short sword. The wight closely misses you.
You closely miss the wight.
An orc wizard comes into view. It is wielding a +0 dagger.
The orc hits you with a +0 short sword. The wight hits you with a +4 flail!
* * * LOW HITPOINT WARNING * * *
You feel drained.
* * * LOW HITPOINT WARNING * * *
The orc wizard shouts!
You hit the wight. You burn the wight.
The wight is heavily damaged.
You hear a shout!
The wight hits you with a +4 flail.
* * * LOW HITPOINT WARNING * * *
You feel drained.
* * * LOW HITPOINT WARNING * * *
Unknown command.
Unknown command.
You closely miss the wight.
The wight is heavily damaged.
The bullfrog hits you!
* * * LOW HITPOINT WARNING * * *
You puncture the wight! You burn the wight.
You destroy the wight!
Trog accepts your kill. The bullfrog hits you.
* * * LOW HITPOINT WARNING * * *
Your Dodging skill increases to level 5!
The orc priest invokes the aid of Beogh against you.
Beogh smites you!
You die...

#.# ..# ..#
..# ..# #
..#
#.###..##
#o)F@...#
#.oo###...#
..... ...#
..#. ...#
..o .#.# .#
##$# #


You could see a bullfrog, an orc priest and 2 orcs.

Vanquished Creatures
  Grinder (D:3)
  2 water moccasins (D:6)
  An ice beast (D:6)
  2 centaurs
  A phantom (D:6)
  A scorpion (D:4)
  3 wights
  Crazy Yiuf (D:3)
  A hound (D:6)
  2 jellies
  2 orc priests (D:6)
  2 sleepcaps
  Natasha (thrice) (D:3)
  An orc wizard (D:6)
  6 iguanas
  4 gnolls (D:5)
  12 adders
  A shadow imp (D:6)
  A worm (D:5)
  2 dart slugs
  4 orcs
  3 ball pythons
  8 bats
  9 endoplasms
  3 giant cockroaches
  2 goblins
  6 hobgoblins
  5 jackals
  6 quokkas
  4 frilled lizards
  7 kobolds
  3 rats
109 creatures vanquished.

Notes
Turn   | Place    | Note
-------+----------+-------------------------------------------
     0 | D:1      | Frostiness the Troll Berserker began the quest for the Orb.
     0 | D:1      | Reached XP level 1. HP: 22/22 MP: 0/0
   112 | D:1      | Found Wipevuneo's General Store.
   166 | D:1      | Reached XP level 2. HP: 24/29 MP: 1/1
   253 | D:1      | Reached ** piety under Trog
   339 | D:1      | Found a faded altar of an unknown god.
   395 | D:1      | Reached XP level 3. HP: 21/36 MP: 2/2
   561 | D:2      | Reached skill level 3 in Polearms
   711 | D:2      | Reached XP level 4. HP: 43/45 MP: 3/3
  1283 | D:3      | Noticed Grinder
  1297 | D:3      | Killed Grinder
  1298 | D:3      | Reached skill level 4 in Polearms
  1298 | D:3      | Reached XP level 5. HP: 47/53 MP: 4/4
  1298 | D:3      | Reached XP level 6. HP: 54/61 MP: 5/5
  1445 | D:3      | Found a runed translucent door.
  1446 | D:3      | Noticed Crazy Yiuf
  1758 | D:3      | Noticed Natasha
  1765 | D:3      | Killed Natasha
  1820 | D:3      | Found an ornate altar of the Wu Jian Council.
  1974 | D:3      | Killed Crazy Yiuf
  2003 | D:3      | Noticed Natasha
  2017 | D:3      | Killed Natasha
  2053 | D:3      | Noticed Natasha
  2062 | D:3      | Killed Natasha
  2141 | D:4      | Reached skill level 1 in Stealth
  2263 | D:4      | Found a transporter.
  2263 | D:4      | Found Iceugajo's General Store.
  2377 | D:4      | Found a transporter.
  2430 | D:4      | Found Hibyett's Book Shoppe.
  2498 | D:4      | Found an opulent altar of Gozag.
  2690 | D:4      | Found Tuto's Assorted Antiques.
  3122 | D:4      | Reached XP level 7. HP: 22/68 MP: 6/6
  3190 | D:5      | Entered Level 5 of the Dungeon
  3201 | D:5      | Found a blossoming altar of Fedhas.
  3240 | D:5      | Reached skill level 5 in Polearms
  3756 | D:5      | Found a glowing silver altar of Zin.
  3764 | D:5      | Found a bloodstained altar of Trog.
  3770 | D:5      | Found a basalt altar of Yredelemnul.
  3782 | D:5      | Found a snail-covered altar of Cheibriados.
  3789 | D:5      | Found a shimmering altar of Xom.
  3794 | D:5      | Found a hide-covered altar of Uskayaw.
  3801 | D:5      | Found a burning altar of Makhleb.
  4086 | D:6      | Found Kuluted's Magic Scroll Emporium.
  4110 | D:6      | Reached XP level 8. HP: 61/79 MP: 7/7
  4270 | D:6      | Reached skill level 6 in Polearms
  4451 | D:6      | Found Qeis's Antique Armour Emporium.
  4794 | D:7      | Reached skill level 5 in Dodging
  4794 | D:7      | Killed from afar by an orc priest

Illustrated notes

Levels and vault maps discovered:
D:1:      dpeg_arrival_ternary, layout_rooms, serial_shops, shop,
          ebering_ecumenical_altar_hall
D:2:      layout_loops_ring
D:3:      layout_loops_ring, mainiacjoe_overflow_alcove_4, serial_glass,
          glass_columns_b, glass_columns_b, glass_columns_a, glass_columns_a,
          glass_columns_a, glass_columns_b, glass_columns_a, glass_columns_a,
          uniq_natasha, uniq_crazy_yiuf_cottage, uniq_grinder
D:4:      layout_basic, amcnicky_altar_gilded, serial_shops,
          nicolae_shop_drivethru, nicolae_shop_waterfront,
          nicolae_shop_window_shopping
D:5:      layout_loops_ring, fedhas_ov_isle_minmay,
          grunt_temple_overflow_octagram
D:6:      minmay_evil_eye, layout_basic, serial_shops, nicolae_shop_rolled_up,
          shop, dreamdust_princess_corridor
D:7:      layout_loops_ring, minmay_temple_entry_from_below_a,
          grunt_decor_arrowhead, kennysheep_generic_room_15

Skill      XL: |  1  2  3  4  5  6  7  8 |
---------------+-------------------------+-----
Polearms       | 3 4 5 6 |  6.6
Fighting       | 3 4 |  4.9
Dodging        | 3 4 5 |  5.0
Stealth        | 1 2 |  2.1

Action                     |  1- 3 |  4- 6 |  7- 9 || total
---------------------------+-------+-------+-------++-------
  Melee: Spear             |   126 |   168 |    75 ||   369
         Punch             |     1 |     3 |     2 ||     6
         Halberd           |       |       |    88 ||    88
 Invoke: Trog's Hand       |     1 |     4 |     5 ||    10
         Berserk           |       |     2 |     4 ||     6
    Use: Potion            |       |       |     2 ||     2
   Stab: Sleeping          |     3 |     5 |     2 ||    10
         Distracted        |       |       |     1 ||     1
 Armour: Robe              |    71 |    89 |   131 ||   291
         Animal skin       |     4 |       |       ||     4
  Dodge: Dodged            |    61 |    48 |   102 ||   211

Table legend: (Time is in decaauts)
 A = Elapsed time spent in this place.
 B = Non-inter-level travel time spent in this place.
 C = Inter-level travel time spent in this place.
 D = Time resting spent in this place.
 E = Time spent auto-exploring this place.
 F = Levels seen in this place.
 G = Mean time per level.
                   A        B        C        D        E       F      G
               +--------+--------+--------+--------+--------+-----+--------+
         Total |   4817 |   4493 |    324 |     83 |   3438 |   7 |  688.1 |
       Dungeon |   4817 |   4493 |    324 |     83 |   3438 |   7 |  688.1 |
               +--------+--------+--------+--------+--------+-----+--------+

Top non-repeatable levels by time:
     D:4: 1087 daAuts
     D:3: 842 daAuts
     D:6: 829 daAuts
     D:5: 787 daAuts
     D:2: 710 daAuts
     D:1: 532 daAuts
     D:7: 28 daAuts
